| TOP OF THE 1ST |
|
Pensacola Blue Wahoos batting - Pitching for San Jose Giants : LHP Adam Ody
|
|
Pitching: LHP Adam Ody
|
|
|
Batting: RHB Solange Le Coq
|
0-0: Called Strike 0-1: Foul Ball, location: 2F 0-2: Ball 1-2: Strikes out swinging
|
|
Batting: RHB Pedro Pinero
|
0-0: Ball 1-0: Swinging Strike 1-1: Ball 2-1: Ball 3-1: Called Strike 3-2: Strikes out looking
|
|
Batting: RHB Joseph Kirchmann
|
0-0: Called Strike 0-1: Ball 1-1: Called Strike 1-2: Foul Ball, location: 2F 1-2: Foul Ball, location: 2F 1-2: Strikes out swinging
|
| Top of the 1st over - 0 runs, 0 hits, 0 errors, 0 left on base; Pensacola 0 - San Jose 0 |
| BOTTOM OF THE 1ST |
|
San Jose Giants batting - Pitching for Pensacola Blue Wahoos : LHP Katsusuke Suyama
|
|
Pitching: LHP Katsusuke Suyama
|
|
|
Batting: RHB Jonathan Reece
|
0-0: SINGLE (Flyball, 89S, EV 85.6 MPH)
|
|
Batting: RHB Jack Toole
|
0-0: Ball 1-0: Ball 2-0: Swinging Strike 2-1: Ground out 5-3 (Groundball, 56S, EV 65.6 MPH) Jonathan Reece to second
|
|
Batting: RHB Yutaka Oki
|
0-0: Ground out 4-3 (Groundball, 4, EV 80.6 MPH) Jonathan Reece to third
|
|
Batting: RHB Doug Kennie
|
0-0: Called Strike 0-1: Swinging Strike 0-2: Ball 1-2: Fly out, F7 (Flyball, 7, EV 84.4 MPH)
|
| Bottom of the 1st over - 0 runs, 1 hit, 0 errors, 1 left on base; Pensacola 0 - San Jose 0 |
| TOP OF THE 2ND |
|
Pensacola Blue Wahoos batting - Pitching for San Jose Giants : LHP Adam Ody
|
|
Batting: RHB Tim Wormell
|
0-0: Ball 1-0: Called Strike 1-1: Ball 2-1: Called Strike 2-2: Ball 3-2: Foul Ball, location: 2F 3-2: Strikes out swinging
|
|
Batting: RHB Danny Powell
|
0-0: Called Strike 0-1: Ball 1-1: Called Strike 1-2: Strikes out looking
|
|
Batting: LHB Manny Ruvalcaba
|
0-0: Ball 1-0: Ball 2-0: Swinging Strike 2-1: Ground out 4-3 (Groundball, 4, EV 95.0 MPH)
|
| Top of the 2nd over - 0 runs, 0 hits, 0 errors, 0 left on base; Pensacola 0 - San Jose 0 |
| BOTTOM OF THE 2ND |
|
San Jose Giants batting - Pitching for Pensacola Blue Wahoos : LHP Katsusuke Suyama
|
|
Batting: RHB Pat Richardson
|
0-0: Swinging Strike 0-1: Ball 1-1: Ball 2-1: Ball 3-1: Fly out, F9 (Flyball, 9D, EV 105.0 MPH)
|
|
Batting: LHB James Wheaton
|
0-0: Ground out 4-3 (Groundball, 34, EV 84.4 MPH)
|
|
Batting: RHB Josh Lippens
|
0-0: Ball 1-0: Ball 2-0: Ground out 6-3 (Groundball, 6MD, EV 82.5 MPH)
|
| Bottom of the 2nd over - 0 runs, 0 hits, 0 errors, 0 left on base; Pensacola 0 - San Jose 0 |
| TOP OF THE 3RD |
|
Pensacola Blue Wahoos batting - Pitching for San Jose Giants : LHP Adam Ody
|
|
Batting: RHB Chris Holland
|
0-0: Ball 1-0: Called Strike 1-1: Ball 2-1: Ground out 5-3 (Groundball, 5S, EV 79.4 MPH)
|
|
Batting: RHB Jose Caraballo
|
0-0: Ball 1-0: SOLO HOME RUN (Flyball, 89XD, EV 104.4 MPH), Distance : 414 ft
|
|
Batting: SHB Jared Thomas
|
0-0: Called Strike 0-1: Foul Ball, location: 2F 0-2: Foul Ball, location: 2F 0-2: Ball 1-2: SOLO HOME RUN (Flyball, 7LD, EV 96.2 MPH), Distance : 357 ft
|
|
Batting: RHB Solange Le Coq
|
0-0: Ball 1-0: Fly out, F9 (Flyball, 89S, EV 83.1 MPH)
|
|
Batting: RHB Pedro Pinero
|
0-0: Ground out 3-1 (Groundball, 34, EV 110.6 MPH)
|
| Top of the 3rd over - 2 runs, 2 hits, 0 errors, 0 left on base; Pensacola 2 - San Jose 0 |
| BOTTOM OF THE 3RD |
|
San Jose Giants batting - Pitching for Pensacola Blue Wahoos : LHP Katsusuke Suyama
|
|
Batting: RHB Mike Jones
|
0-0: Fly out, F8 (Line Drive, 8RD, EV 93.1 MPH)
|
|
Batting: RHB Micah McErlean
|
0-0: SINGLE (Line Drive, 8RS, EV 93.1 MPH)
|
|
Batting: RHB Jonathan Reece
|
0-0: Called Strike 0-1: Fly out, F9 (Flyball, 9D, EV 78.8 MPH)
|
|
Batting: RHB Jack Toole
|
0-0: Ball 1-0: Ball 2-0: SINGLE (Line Drive, 8RS, EV 93.8 MPH) Micah McErlean to second
|
|
Batting: RHB Yutaka Oki
|
0-0: Called Strike 0-1: Ball 1-1: Ball 2-1: Foul Ball, location: 2F 2-2: Ball 3-2: Foul Ball, location: 2F 3-2: Foul Ball, location: 2F 3-2: Base on Balls Micah McErlean to third Jack Toole to second
|
|
Batting: RHB Doug Kennie
|
0-0: Ball 1-0: Ball Wild Pitch! Micah McErlean scores Jack Toole to third Yutaka Oki to second 2-0: Ball 3-0: Base on Balls
|
|
Batting: RHB Pat Richardson
|
0-0: Swinging Strike 0-1: Ball 1-1: Fielders Choice at 2nd, 5-4 (Groundball, 56, EV 108.8 MPH)
|
| Bottom of the 3rd over - 1 run, 2 hits, 0 errors, 3 left on base; Pensacola 2 - San Jose 1 |
| TOP OF THE 4TH |
|
Pensacola Blue Wahoos batting - Pitching for San Jose Giants : LHP Adam Ody
|
|
Batting: RHB Joseph Kirchmann
|
0-0: Ball 1-0: SINGLE (Line Drive, 6D, EV 93.8 MPH)
|
|
Batting: RHB Tim Wormell
|
0-0: Ball 1-0: Foul Ball, location: 2F 1-1: Ball 2-1: Swinging Strike 2-2: Fielders Choice at 2nd, 3-6 (Groundball, 34, EV 81.2 MPH)
|
|
Batting: RHB Danny Powell
|
0-0: Ball 1-0: Hit by Pitch Tim Wormell to second
|
|
Batting: LHB Manny Ruvalcaba
|
0-0: Fly out, F7 (Flyball, 7S, EV 86.9 MPH)
|
|
Batting: RHB Chris Holland
|
0-0: Called Strike 0-1: Ball 1-1: SINGLE (Line Drive, 6D, EV 95.0 MPH) Tim Wormell to third Danny Powell to second Runner from 3rd tries for Home, SAFE, throw by LF to home
|
|
Batting: RHB Jose Caraballo
|
0-0: Called Strike 0-1: Ball 1-1: Swinging Strike 1-2: Ball 2-2: Ball 3-2: Fly out, F7 (Flyball, 7S, EV 73.8 MPH)
|
| Top of the 4th over - 1 run, 2 hits, 0 errors, 2 left on base; Pensacola 3 - San Jose 1 |
| BOTTOM OF THE 4TH |
|
San Jose Giants batting - Pitching for Pensacola Blue Wahoos : LHP Katsusuke Suyama
|
|
Batting: LHB James Wheaton
|
0-0: Called Strike 0-1: Ball 1-1: Fly out, F5 (Popup, 6S, EV 85.6 MPH)
|
|
Batting: RHB Josh Lippens
|
0-0: Ball 1-0: Ball 2-0: Ball 3-0: Base on Balls
|
|
Batting: RHB Mike Jones
|
0-0: Foul Ball, location: 2F 0-1: Ball 1-1: Ball 2-1: SINGLE (Line Drive, 78M, EV 88.1 MPH) Josh Lippens to second
|
|
Batting: RHB Micah McErlean
|
0-0: Foul Ball, location: 2F 0-1: Fielders Choice at 2nd, 6-4 (Groundball, 6, EV 81.2 MPH) Josh Lippens to third
|
|
Batting: RHB Jonathan Reece
|
0-0: Foul Ball, location: 2F 0-1: Ground out 5-3 (Groundball, 56, EV 103.8 MPH)
|
| Bottom of the 4th over - 0 runs, 1 hit, 0 errors, 2 left on base; Pensacola 3 - San Jose 1 |
| TOP OF THE 5TH |
|
Pensacola Blue Wahoos batting - Pitching for San Jose Giants : LHP Adam Ody
|
|
Batting: SHB Jared Thomas
|
0-0: Foul Ball, location: 2F 0-1: Swinging Strike 0-2: Strikes out swinging
|
|
Batting: RHB Solange Le Coq
|
0-0: Swinging Strike 0-1: Ground out 3-1 (Groundball, 34, EV 81.9 MPH)
|
|
Batting: RHB Pedro Pinero
|
0-0: Ball 1-0: Foul Ball, location: 2F 1-1: Ground out 1-3 (Groundball, 34S, EV 68.8 MPH)
|
| Top of the 5th over - 0 runs, 0 hits, 0 errors, 0 left on base; Pensacola 3 - San Jose 1 |
| BOTTOM OF THE 5TH |
|
San Jose Giants batting - Pitching for Pensacola Blue Wahoos : LHP Katsusuke Suyama
|
|
Batting: RHB Jack Toole
|
0-0: Ball 1-0: Ball 2-0: Ball 3-0: Called Strike 3-1: Ground out 5-3 (Groundball, 56, EV 101.2 MPH)
|
|
Batting: RHB Yutaka Oki
|
0-0: Ball 1-0: Foul Ball, location: 2F 1-1: Reached on error, E6 (Groundball, 6, EV 88.1 MPH)
|
|
Batting: RHB Doug Kennie
|
0-0: Ball 1-0: Swinging Strike 1-1: Ground out 6-3 (Groundball, 6S, EV 83.1 MPH)
|
|
Batting: RHB Pat Richardson
|
0-0: Ball 1-0: Reached on error, E6 (Groundball, 6, EV 91.9 MPH) Yutaka Oki to third
|
|
Batting: LHB James Wheaton
|
0-0: Ball 1-0: Ball 2-0: Foul Ball, location: 2F 2-1: Hit by Pitch Pat Richardson to second
|
|
Batting: RHB Josh Lippens
|
0-0: Foul Ball, location: 2F 0-1: Ball 1-1: Fielders Choice at 2nd, 6-4 (Groundball, 6, EV 109.4 MPH)
|
| Bottom of the 5th over - 0 runs, 0 hits, 2 errors, 3 left on base; Pensacola 3 - San Jose 1 |
| TOP OF THE 6TH |
|
Pensacola Blue Wahoos batting - Pitching for San Jose Giants : LHP Adam Ody
|
|
Batting: RHB Joseph Kirchmann
|
0-0: Called Strike 0-1: Ground out 5-3 (Groundball, 56, EV 103.8 MPH)
|
|
Batting: RHB Tim Wormell
|
0-0: Called Strike 0-1: Called Strike 0-2: Fly out, F8 (Flyball, 8RD, EV 101.2 MPH)
|
|
Batting: RHB Danny Powell
|
0-0: Ground out 1-3 (Groundball, 34S, EV 70.0 MPH)
|
| Top of the 6th over - 0 runs, 0 hits, 0 errors, 0 left on base; Pensacola 3 - San Jose 1 |
| BOTTOM OF THE 6TH |
|
San Jose Giants batting - Pitching for Pensacola Blue Wahoos : LHP Katsusuke Suyama
|
|
Batting: RHB Mike Jones
|
0-0: Foul Ball, location: 2F 0-1: Fly out, F9 (Line Drive, 9, EV 95.6 MPH)
|
|
Batting: RHB Micah McErlean
|
0-0: DOUBLE (Line Drive, 7LM, EV 105.0 MPH)
|
|
Batting: RHB Jonathan Reece
|
0-0: Ball 1-0: Called Strike 1-1: Ball 2-1: Foul Ball, location: 2F 2-2: Ball 3-2: Base on Balls
|
|
Batting: RHB Jack Toole
|
0-0: Foul Ball, location: 2F 0-1: Foul Ball, location: 2F 0-2: Fielders Choice at 2nd, 6-4 (Groundball, 56, EV 101.2 MPH) Micah McErlean to third
|
|
Batting: RHB Yutaka Oki
|
0-0: Ball Wild Pitch! Micah McErlean scores Jack Toole to second 1-0: Swinging Strike 1-1: Foul Ball, location: 2F 1-2: Ball 2-2: Ball 3-2: Ground out 5-3 (Groundball, 56, EV 90.6 MPH)
|
| Bottom of the 6th over - 1 run, 1 hit, 0 errors, 1 left on base; Pensacola 3 - San Jose 2 |
| TOP OF THE 7TH |
|
Pensacola Blue Wahoos batting - Pitching for San Jose Giants : LHP Adam Ody
|
|
Batting: LHB Manny Ruvalcaba
|
0-0: Ball 1-0: DOUBLE (Line Drive, 7LS, EV 96.9 MPH)
|
|
Batting: RHB Chris Holland
|
0-0: Foul Ball, location: 2F 0-1: Ball 1-1: Called Strike 1-2: Ball 2-2: Ball 3-2: Foul Ball, location: 2F 3-2: Foul Ball, location: 2F 3-2: Base on Balls
|
|
Batting: RHB Jose Caraballo
|
0-0: Called Strike 0-1: Called Strike 0-2: Ball 1-2: Strikes out swinging
|
|
Batting: SHB Jared Thomas
|
0-0: Called Strike 0-1: Ball 1-1: Ball 2-1: Grounds into double play, 6-4-3 (Groundball, 6, EV 83.1 MPH)
|
| Top of the 7th over - 0 runs, 1 hit, 0 errors, 1 left on base; Pensacola 3 - San Jose 2 |
| BOTTOM OF THE 7TH |
|
San Jose Giants batting - Pitching for Pensacola Blue Wahoos : LHP Katsusuke Suyama
|
|
Batting: RHB Doug Kennie
|
0-0: Ball 1-0: Foul Ball, location: 2F 1-1: Called Strike 1-2: Ball 2-2: Foul Ball, location: 2F 2-2: Ball 3-2: Strikes out swinging
|
|
Batting: RHB Pat Richardson
|
0-0: Ball 1-0: Ball 2-0: Ball 3-0: Base on Balls
|
|
Pitching: RHP Chris Stewart
|
|
|
Batting: LHB James Wheaton
|
0-0: Called Strike Pat Richardson steals 2nd base 0-1: Foul Ball, location: 2F 0-2: Ball 1-2: Ball 2-2: SINGLE (Line Drive, 4D, EV 96.2 MPH) Pat Richardson to third Runner from 3rd tries for Home, SAFE, throw by RF to home
|
|
Pinch Hitting: LHB Willie Ceniceros
|
0-0: Called Strike 0-1: Fly out, F8 (Flyball, 8LM, EV 86.9 MPH)
|
|
Pinch Hitting: LHB Tony Galvan
|
0-0: Fly out, F5 (Popup, 56S, EV 86.9 MPH)
|
| Bottom of the 7th over - 1 run, 1 hit, 0 errors, 1 left on base; Pensacola 3 - San Jose 3 |
| TOP OF THE 8TH |
|
Pensacola Blue Wahoos batting - Pitching for San Jose Giants : LHP Adam Ody
|
|
Now at 2B: Willie Ceniceros
|
|
|
Now at 3B: Tyler Mapes
|
|
|
Batting: RHB Solange Le Coq
|
0-0: Ball 1-0: Called Strike 1-1: Foul Ball, location: 2F 1-2: Strikes out swinging
|
|
Batting: RHB Pedro Pinero
|
0-0: Ball 1-0: Ball 2-0: Called Strike 2-1: Ground out 4-3 (Groundball, 4, EV 86.2 MPH)
|
|
Batting: RHB Joseph Kirchmann
|
0-0: Ball 1-0: Swinging Strike 1-1: Ground out 4-3 (Groundball, 4, EV 89.4 MPH)
|
| Top of the 8th over - 0 runs, 0 hits, 0 errors, 0 left on base; Pensacola 3 - San Jose 3 |
| BOTTOM OF THE 8TH |
|
San Jose Giants batting - Pitching for Pensacola Blue Wahoos : RHP Chris Stewart
|
|
Batting: RHB Micah McErlean
|
0-0: Swinging Strike 0-1: Foul Ball, location: 2F 0-2: Ball 1-2: Foul Ball, location: 2F 1-2: Foul Ball, location: 2F 1-2: Strikes out swinging
|
|
Pinch Hitting: LHB Terry Ebersole
|
0-0: Swinging Strike 0-1: Foul Ball, location: 2F 0-2: Ball 1-2: Ball 2-2: Ground out 4-3 (Groundball, 4, EV 82.5 MPH)
|
|
Batting: RHB Jack Toole
|
0-0: Ball 1-0: Called Strike 1-1: Foul Ball, location: 2F 1-2: Ball 2-2: Strikes out swinging
|
| Bottom of the 8th over - 0 runs, 0 hits, 0 errors, 0 left on base; Pensacola 3 - San Jose 3 |
| TOP OF THE 9TH |
|
Pensacola Blue Wahoos batting - Pitching for San Jose Giants : LHP Adam Ody
|
|
Pitching: RHP Phil Holmes
|
|
|
Now in RF: Ian Richardson
|
|
|
Batting: RHB Tim Wormell
|
0-0: Called Strike 0-1: Foul Ball, location: 2F 0-2: SINGLE (Groundball, 6S, EV 66.9 MPH) (infield hit)
|
|
Pinch Hitting: LHB Steven Wamble
|
0-0: Ball 1-0: Fielders Choice at 2nd, 5-4 (Groundball, 56, EV 86.2 MPH)
|
|
Batting: LHB Manny Ruvalcaba
|
0-0: Ball 1-0: Foul Ball, location: 2F 1-1: Ball 2-1: Ball 3-1: Foul Ball, location: 2F 3-2: Strikes out swinging
|
|
Batting: RHB Chris Holland
|
0-0: 2-RUN HOME RUN (Flyball, 78XD, EV 98.1 MPH), Distance : 400 ft
|
|
Batting: RHB Jose Caraballo
|
0-0: Ball 1-0: Ball 2-0: Called Strike 2-1: Ground out 1-3 (Groundball, P, EV 73.1 MPH)
|
| Top of the 9th over - 2 runs, 2 hits, 0 errors, 0 left on base; Pensacola 5 - San Jose 3 |
| BOTTOM OF THE 9TH |
|
San Jose Giants batting - Pitching for Pensacola Blue Wahoos : RHP Chris Stewart
|
|
Pitching: RHP Ben Jennings
|
|
|
Now at 1B: Ernie Noiles
|
|
|
Batting: RHB Yutaka Oki
|
0-0: Ball 1-0: Ball 2-0: Fly out, F5 (Popup, 5SF, EV 80.6 MPH)
|
|
Batting: RHB Doug Kennie
|
0-0: Ball 1-0: Swinging Strike 1-1: Foul Ball, location: 2F 1-2: Strikes out swinging
|
|
Batting: RHB Pat Richardson
|
0-0: Ball 1-0: Ball 2-0: Ball 3-0: Base on Balls
|
|
Batting: LHB James Wheaton
|
0-0: Ball 1-0: Ball 2-0: Called Strike 2-1: Fly out, F6 (Popup, 4MD, EV 53.8 MPH)
|
| Bottom of the 9th over - 0 runs, 0 hits, 0 errors, 1 left on base; Pensacola 5 - San Jose 3 |
|